Cogmind - Beta 10.1 @@@ ROGUE MODE // 2020.10.12 @ 23:04:42 Player: Korywon Result: Destroyed by G-34 Mercenary with Small Laser Performance ------------- Evolutions (1) 500 Regions Visited (3) 600 Robots Destroyed (83) 415 Value Destroyed (1954) 1954 Prototype IDs (5) 100 Alien Tech Used (0) 0 Bonus (291) 291 TOTAL SCORE: 3860 Bonus ------- High Alert Combat Kills 140 Follower Combat Kills 151 Cogmind --------- Core Integrity 0/400 Matter 250/300 Energy 153/160 System Corruption 1% Temperature Cool (6) Movement Core (450) Ox8 Location -9/Storage Parts ------- > --- POWER (1) -------- Light Nuclear Core > --- PROPULSION (2) --- (None) > --- UTILITY (4) ------ Large Storage Unit Sensor Array Signal Interpreter Hacking Suite > --- WEAPON (2) ------- Improved Assault Rifle > --- INVENTORY (10) --- Improved Ion Engine Aluminum Leg Heat Sink Medium Matter Pod (100) Improved EM Shotgun Advanced Beam Cannon Advanced Beam Cannon Mini Grenade Launcher Mini Grenade Launcher Peak State ------------ > --- POWER ------------ Heavy Ion Engine > --- PROPULSION ------- Light Treads Light Treads > --- UTILITY ---------- Large Storage Unit Signal Interpreter Weapon Shielding Hacking Suite > --- WEAPON ----------- Improved Assault Rifle Improved Assault Rifle > --- INVENTORY -------- Light Nuclear Core Light Treads Medium Matter Pod Sensor Array Improved Assault Rifle Improved Assault Rifle Improved Light Cannon Improved Light Cannon Mini Grenade Launcher Mini Grenade Launcher [Rating: 19] Favorites ----------- Power Ion Engine Engine Ion Engine Power Core Light Nuclear Core Propulsion Light Treads Treads Light Treads Leg Aluminum Leg Utility Signal Interpreter Device Sensor Array Storage Large Storage Unit Processor Signal Interpreter Hackware Hacking Suite Protection Weapon Shielding Weapon Improved Assault Rifle Energy Gun Small Laser Ballistic Gun Improved Assault Rifle Launcher Mini Grenade Launcher Build | -11 -10 -9 -9 ------- Run | Scr Mat Mat Sto Slots Evolved 2 | . . 2 . Power . | . . . . Propulsion . | . . . . Utility 2 | . . 2 . Weapon . | . . . . Parts Attached 45 | 6 3 8 28 Power 8 | 1 . 3 4 Engine 7 | 1 . 3 3 Core 1 | . . . 1 Reactor . | . . . . Propulsion 9 | 2 . . 7 Treads 6 | 2 . . 4 Leg 3 | . . . 3 Wheel . | . . . . Hover . | . . . . Flight . | . . . . Utility 12 | 1 2 3 6 Device 3 | . . 1 2 Storage 5 | 1 1 1 2 Processor 1 | . 1 . . Hackware 1 | . . . 1 Protection 2 | . . 1 1 Artifact . | . . . . Weapon 16 | 2 1 2 11 Energy Gun 1 | 1 . . . Energy Cannon . | . . . . Ballistic Gun 13 | 1 1 2 9 Ballistic Cannon . | . . . . Launcher 2 | . . . 2 Special Weapon . | . . . . Impact Weapon . | . . . . Slashing Weapon . | . . . . Piercing Weapon . | . . . . Special Melee Weapon . | . . . . Unidentified Prototypes 3 | . . 2 1 Parts Lost 8 | . . 1 7 Power 2 | . . 1 1 Propulsion 3 | . . . 3 Utility 1 | . . . 1 Weapon 2 | . . . 2 Highest Loss Streak 4 | . . 1 4 Average Slot Usage (%) 98 | . 98 100 98 Engine 11 | . 14 11 10 Treads 19 | . 28 22 15 Leg 3 | . . . 5 Device 5 | . . 5 8 Storage 12 | . 13 16 11 Processor 11 | . 13 11 11 Hackware 3 | . . . 6 Protection 6 | . . 11 6 Energy Gun 2 | . 10 . . Ballistic Gun 20 | . 16 22 21 Naked Turns . | . . . . Heaviest Build 31 | 11 23 30 31 Greatest Support 40 | 40 40 40 40 Greatest Overweight (x) 3 | . . . 3 Average Overweight (x) . | . . . . Largest Inventory Capacity 10 | 6 10 10 10 Average Capacity 9 | 4 6 10 10 Most Carried 10 | 6 9 10 10 Average Carried 8 | 4 5 9 9 Final Capacity 10 | 6 10 10 10 Final Carried 10 | 6 9 10 9 Class Distribution -------------------- 86% | Mutant 13% | Scavenger-Mutant Dominant Class ---------------- Mutant | -10/Materials Mutant | -9/Materials Mutant | -9/Storage Resources | -11 -10 -9 -9 ----------- Run | Scr Mat Mat Sto Matter Collected 1811 | 229 61 481 1040 Remotely . | . . . . Salvage Created 2861 | . 101 744 2016 Parts 174 | . 11 52 111 Haulers Intercepted 3 | . . 1 2 Recyclers Shooed 7 | . . 1 6 Parts Field Recycled . | . . . . Retrieved Matter . | . . . . Parts Self-Destructed . | . . . . Prevented . | . . . . Kills | -11 -10 -9 -9 ------- Run | Scr Mat Mat Sto Combat Hostiles Destroyed 58 | . 4 15 39 Guns 58 | . 4 15 39 Classes Destroyed 12 | . 4 6 2 Worker 6 | . . 2 4 Builder 3 | . . 1 2 Hauler 3 | . . 1 2 Recycler 4 | . . 1 3 Mechanic 1 | . . . 1 Operator 2 | . 1 1 . Watcher 6 | . 1 4 1 Swarmer 16 | . 3 6 7 Grunt 31 | . 1 5 25 Brawler 1 | . . . 1 Duelist 3 | . . 1 2 Sentry 7 | . . 3 4 Best Kill Streak 9 | . 3 5 9 Combat Bots Only 8 | . 3 3 8 Max Kills in Single Turn 2 | . 1 2 2 Gunslinging 1 | . . 1 1 Exploded . | . . . . Melee . | . . . . Uniques/NPCs Destroyed . | . . . . Combat | -11 -10 -9 -9 -------- Run | Scr Mat Mat Sto Damage Taken 2408 | . 101 385 1922 Core 412 | . 8 38 366 Absorbed by Shields . | . . . . Core Remaining (%) 98 | 100 96 . . Volleys Fired 216 | . 21 49 146 Largest 2 | . 2 2 2 Hottest 60 | . 60 46 46 Shots Fired 411 | . 40 98 273 Gun 408 | . 40 98 270 Cannon . | . . . . Launcher 3 | . . . 3 Special . | . . . . Kinetic 390 | . 22 98 270 Thermal 18 | . 18 . . Explosive 3 | . . . 3 Electromagnetic . | . . . . Robot Hit Streak 20 | . 6 19 20 Robot Miss Streak 4 | . 4 3 3 Penetration Max . | . . . . Secondary Targets 13 | . . 1 12 Max Gunslinging Chain 1 | . . 1 1 Shots Hit Robots 294 | . 22 63 209 Core Hits 120 | . 9 33 78 Critical Hits 3 | . . . 3 Critical Kills 1 | . . . 1 Critical Parts Destroyed 2 | . . . 2 Melee Attacks . | . . . . Impact . | . . . . Slashing . | . . . . Piercing . | . . . . Sneak Attacks . | . . . . Combat Hostiles . | . . . . Follow-up Attacks . | . . . . Damage Inflicted 4443 | . 198 1001 3244 Guns 4392 | . 198 988 3206 Cannons . | . . . . Explosions 38 | . . . 38 Melee . | . . . . Ramming 13 | . . 13 . Kinetic 4260 | . 66 988 3206 Thermal 132 | . 132 . . Explosive 38 | . . . 38 Electromagnetic . | . . . . Impact . | . . . . Slashing . | . . . . Piercing . | . . . . Highest Corruption 1 | . . . 1 Average Corruption 1 | . . . 1 Corruption Purged . | . . . . Effects 6 | . . . 6 Message Errors 3 | . . . 3 Energy Discharges 1 | . . . 1 Targeting Errors 2 | . . . 2 Overload Shots . | . . . . Overflow Damage . | . . . . Projectiles . | . . . . Explosions . | . . . . Melee . | . . . . Knockbacks 1 | . . 1 . Impact 1 | . . 1 . Kinetic . | . . . . Secondary . | . . . . Self-Inflicted Damage . | . . . . Shots . | . . . . Rammed 2 | . . 2 . Targets Rammed 2 | . . 2 . Kicked . | . . . . Crushed . | . . . . Highest Temperature 187 | . 40 187 36 Average Temperature 20 | . 20 73 9 Received Heat Transfer 888 | . 12 72 804 Siege Activations . | . . . . Robots Corrupted . | . . . . Combat Hostiles . | . . . . Parts Fried . | . . . . Impact Corruptions . | . . . . Robots Melted . | . . . . Combat Hostiles . | . . . . Parts Melted 1 | . 1 . . Heat Transferred 300 | . 300 . . Parts Sabotaged . | . . . . Parts Stolen . | . . . . Parts Stripped . | . . . . Power Chain Reactions . | . . . . Missiles Intercepted . | . . . . Alert | -11 -10 -9 -9 ------- Run | Scr Mat Mat Sto Peak Influence 532 | . 135 333 532 Initial 140 | . . 11 140 Average 207 | . 54 119 325 Maximum Alert Level 2 | . . 1 2 Low Security (%) 59 | 100 100 77 31 Level 1 16 | . . 22 22 Level 2 23 | . . . 45 Level 3 . | . . . . Level 4 . | . . . . Level 5 . | . . . . High Security . | . . . . Max Security . | . . . . Squads Dispatched 13 | . 1 2 10 Investigation 5 | . . 1 4 Extermination . | . . . . Reinforcement 3 | . 1 1 1 Assault 3 | . . . 3 Garrison 2 | . . . 2 Intercept . | . . . . Construction Impeded . | . . . . Haulers Reinforced . | . . . . Stealth | -11 -10 -9 -9 --------- Run | Scr Mat Mat Sto Distress Signals 5 | . 1 2 2 Communications Jammed . | . . . . Distress Signals . | . . . . Times Spotted 95 | . 14 23 58 Peak Tracking Total 6 | . 4 3 6 Tactical Retreats 3 | . . . 3 Traps | -11 -10 -9 -9 ------- Run | Scr Mat Mat Sto Traps Triggered 1 | . . 1 . Indirectly . | . . . . Trap Hack Attempts . | . . . . Triggered . | . . . . Disarmed . | . . . . Reprogrammed . | . . . . Reused . | . . . . Traps Extracted . | . . . . Installed . | . . . . Triggered . | . . . . Machines | -11 -10 -9 -9 ---------- Run | Scr Mat Mat Sto Machines Disabled 3 | . . . 3 Max in Single Turn 2 | . . . 2 Garrison Access 1 | . . . 1 Machines Sabotaged . | . . . . Garrisons Compromised . | . . . . Overloaded Fab Kills . | . . . . Fab Network Shutdowns . | . . . . Hacking | -11 -10 -9 -9 --------- Run | Scr Mat Mat Sto Machines Accessed 9 | . 1 1 7 Terminals 5 | . . 1 4 Fabricators . | . . . . Repair Stations 3 | . 1 . 2 Recycling Units . | . . . . Scanalyzers . | . . . . Garrison Access 1 | . . . 1 Total Hacks 35 | . 2 7 26 Successful 21 | . 2 5 14 Failed 14 | . . 2 12 Catastrophic 2 | . . . 2 Database Lockouts . | . . . . Manual 10 | . . . 10 Terminals 19 | . . 7 12 Fabricators . | . . . . Repair Stations 13 | . 2 . 11 Recycling Units . | . . . . Scanalyzers . | . . . . Garrison Access 3 | . . . 3 Terminal Hacks 8 | . . 5 3 Record 3 | . . 3 . Prototype ID Bank 1 | . . 1 . Level Access Points 1 | . . . 1 Unreport Threat 2 | . . . 2 Recall Investigation 1 | . . 1 . Fabricator Hacks . | . . . . Repair Station Hacks 12 | . 2 . 10 Scan Component 6 | . 1 . 5 Repair 6 | . 1 . 5 Recycling Unit Hacks . | . . . . Scanalyzer . | . . . . Garrison Access Hacks 1 | . . . 1 Seal Access 1 | . . . 1 Unauthorized Hacks . | . . . . Terminals . | . . . . Fabricators . | . . . . Repair Stations . | . . . . Recycling Units . | . . . . Scanalyzers . | . . . . Garrison Access . | . . . . Data Cores Recovered . | . . . . Used . | . . . . Hacking Detections 8 | . . 1 7 Full Trace Events 5 | . . 1 4 Feedback Events 1 | . . . 1 Corruption 1 | . . . 1 Feedback Blocked . | . . . . Robot Schematics Acquired . | . . . . Robots Built . | . . . . Matter . | . . . . Time . | . . . . Total Robot Build Rating . | . . . . Part Schematics Acquired . | . . . . Parts Built . | . . . . Matter . | . . . . Time . | . . . . Total Part Build Rating . | . . . . Parts Repaired 6 | . 1 . 5 Time 206 | . 26 . 180 Parts Recycled . | . . . . Recycled Matter . | . . . . Retrieved Matter . | . . . . Retrieved Components . | . . . . Parts Scanalyzed . | . . . . Part Schematics Acquired . | . . . . Parts Damaged . | . . . . Bothacking | -11 -10 -9 -9 ------------ Run | Scr Mat Mat Sto Used RIF Installer . | . . . . Robots Hacked . | . . . . Non-combat . | . . . . Combat . | . . . . Robot Hacks Applied . | . . . . Relay Couplers Released . | . . . . Robots Rewired . | . . . . Allies Hacked . | . . . . Hacks Repelled . | . . . . Allies | -11 -10 -9 -9 -------- Run | Scr Mat Mat Sto Total Allies 2 | . . . 2 Largest Group 2 | . . . 2 Highest-Rated Group 62 | . . . 62 Highest-Rated Ally 31 | . . . 31 Total Orders . | . . . . Ally Attacks 39 | . . . 39 Total Damage 732 | . . . 732 Kills 5 | . . . 5 Allies Corrupted . | . . . . Allies Melted . | . . . . Intel | -11 -10 -9 -9 ------- Run | Scr Mat Mat Sto Robot Analysis Total . | . . . . Derelict Logs Recovered . | . . . . Drone Launches . | . . . . Drone Recoveries . | . . . . Exploration | -11 -10 -9 -9 ------------- Run | Scr Mat Mat Sto Turns Passed 3252 | 144 680 732 1696 Spaces Moved 1393 | 83 318 341 651 Core 5 | 5 . . . Treads 1205 | 78 318 341 468 Legs 183 | . . . 183 Wheels . | . . . . Hover . | . . . . Flight . | . . . . Fastest Speed 50 | 50 160 160 150 Average Speed 158 | 153 160 160 157 Slowest Speed 210 | 160 160 160 210 Overloaded Moves . | . . . . Propulsion Burnouts . | . . . . Robots Hopped . | . . . . Cave-ins Triggered . | . . . . Exploration Rate (%) 27 | 6 26 27 49 Regions Visited 3 Branch Regions 1 Pre-discovered Areas . | . . . . Known Exits Taken 2 | . 1 1 . Unknown Exits Taken 1 | 1 . . . Scrap Searched . | . . . . Spaces Dug . | . . . . Terrain Destroyed 23 | . . . 23 Melee . | . . . . Projectile . | . . . . AOE 23 | . . . 23 Terrain Rammed . | . . . . Walls Destroyed . | . . . . Machines Disabled . | . . . . Actions | -11 -10 -9 -9 --------- Run | Scr Mat Mat Sto Total 2038 | 100 456 431 1051 Wait 288 | . 98 12 178 Move 1390 | 82 317 340 651 Hop . | . . . . Pick Up 64 | 12 12 12 28 Fast Attach . | . . . . Attach 26 | 6 3 4 13 Detach 1 | . . . 1 Swap 19 | . . 4 15 Drop 32 | . 5 8 19 Fire 216 | . 21 49 146 Melee . | . . . . Ram . | . . . . Kick . | . . . . Crush 2 | . . 2 . Escape Stasis . | . . . . Rewire . | . . . . Trap . | . . . . Miscellaneous . | . . . . Route ------- -11/Scrapyard -10/Materials -9/Materials -9/Storage (discovered 1 exit: Mat) History --------- Turn | Location | Event 2 | -11/Scrapyard | Met Revision 17 15 | -11/Scrapyard | Discovered new exit (range 13) 145 | -11/Scrapyard | Entered Materials 313 | -10/Materials | Build established: Mutant 669 | -10/Materials | Discovered new exit (range 14) 698 | -10/Materials | Repaired Sml. Laser 820 | -10/Materials | Identified exit to Materials 825 | -10/Materials | Entered another Materials area 825 | -9/Materials | Evolved 2 slots: Utility x2 1549 | -9/Materials | Discovered new exit (range 5) 1555 | -9/Materials | Identified exit to Storage 1557 | -9/Materials | Entered Storage 1614 | -9/Storage | Repaired Weapon Shielding 1643 | -9/Storage | Repaired Sensor Array 1693 | -9/Storage | Repaired Lgt. Treads 1926 | -9/Storage | Repaired Imp. Assault Rifle 2046 | -9/Storage | Garrison activated, responded to threat 2156 | -9/Storage | Destroyed 8 combat bots 2189 | -9/Storage | Met a pair of Derelict thieves 2285 | -9/Storage | Identified exit to Materials 2599 | -9/Storage | Core integrity fell below 50% 2625 | -9/Storage | Destroyed 7 combat bots 2842 | -9/Storage | Garrison activated, responded to threat 3051 | -9/Storage | Repaired Imp. Assault Rifle 3108 | -9/Storage | Build established: Scavenger-Mutant 3157 | -9/Storage | First assault squad dispatched 3236 | -9/Storage | Core integrity fell below 20% 3253 | -9/Storage | Destroyed by G-34 Mercenary with Small Laser Last Messages --------------- 03157_ ALERT: Significant disruption in Zone 4J, assault force dispatched. 03216_ C-30 ARC bursts open, deploying its payload. 03216_ G-47 Trooper unfolds itself. 03216_ G-34 Mercenary unfolds itself. 03216_ M-13 Machinist unfolds itself. 03217_ O-16 Technician: "IFF HANDSHAKE FAILED. SECURING TERMINAL." 03219_ Connecting with Garrison Access... >>Seal Access door sealed. 03220_ ALERT: Hostiles spotted, dispatching reinforcements to Terminal S008. 03223_ K-01 Serf destroyed. 03229_ G-47 Trooper destroyed. 03238_ Y-45 Defender destroyed. 03238_ Switching to secondary target: G-34 Mercenary. 03239_ Aluminum Leg destroyed. 03242_ Imp. Assault Rifle destroyed. 03244_ G-34 Mercenary destroyed. 03245_ Aluminum Leg destroyed. 03249_ U-05 Engineer destroyed. 03251_ Imp. Assault Rifle destroyed. Map ----- +----------------------------------------------------+ | ??????# #????? | | ??????# #????? | | ??????# ##???? | | ??????######+########### ##???? | | ????????# # # #????? | | ????????# """ # # #????? | | ????????# """ # """ # #????? | | ????????# """ # """ # #????? | | ????????# # """ + #????? | | ????????# """ # #=%=###### | | ????????# """ # """ #==[%* | | ????????# """ # """ # !% = | | ????????# #?""" # %! | | ????????##########?? ########## | | ????????????????????? #????????# | | ?????????????????????#+#????##### | | ????#???????????###### ######T### | | ????# ??x???????+ = = %= | | ????# ??????????# %**% %%]!%!! | | ????# ########### = [*]=% | | ????# ######/######## | | ????# ^ ###?# ?# ### = | | ????# " /#####+## #?# " | | ????# "G" # x # """"" #?# " | | ????# " " # """ + "???" #?# " | | ????# @ # """ # "??"" ### | | ????# *%=! + """ # ""??" + + " | | ????####!**%# # "???" ###%" | | ???????#%ag=######## """"" #?#!" | | ???????+!!g #??????# #?#* | | ???????# ####??????##########?### | | ???????# #??????????????????????# | | ???????# #??????????????????????# | | ???????# #??????????????????????# | | ???????#m#??????????????????????? | | ???????# ???????????????????????? | | ???????# ???????????????????????? | | ???????#+???????????????????????? | | ????????%???????????????????????? | | ???????? ???????????????????????? | | ???????? ???????????????????????? | | ???????? ???????????????????????? | | ????????????????????????????????? | | ????????????????????????????????? | | ????????????????????????????????? | | ????????????????????????????????? | | ????????????????????????????????? | | ????????????????????????????????? | | ????????????????????????????????? | | ????????????????????????????????? | +----------------------------------------------------+ Best States ------------- Heat Dissipation 28 Energy Generation 14 Energy Capacity 280 Matter Stores 333 Matter Capacity 400 Sight Range 16 Robot Scan Range 10 Terrain Scan Density 10 Weapon Shielding 33 Evasion (%) 40 Recoil Reduction 2 Offensive Hacking 10 Item Schematics ----------------- None Robot Schematics ------------------ None Fabricated ------------ Nothing Alien Tech Used ----------------- None Achievements -------------- None Challenges ------------ None Game ------ Seed BiometalMakeshiftNullifier Manual? 0 Play Time 00:32:56 Cumulative 58.7 hours Start 2020.10.12 @ 22:28:46 End 2020.10.12 @ 23:04:42 Sessions 1 Manual Loads 0 Difficulty Rogue Special Mode None Game No. 46 Rogue 46 Adventurer 0 Explorer 0 Win Type - Total 0 Types 0/0/0/0/0/0/0/0/0 Lore% 16 Gallery% 29 Achievement% 21 Wizard Run 0 Options --------- ASCII 0 Keyboard 0 Movement Arrows Keybinds 0 Fullscreen 1 Font 12/Smallcaps Map View 83x54 Tactical HUD 1 Map Filters NONE Filters NONE Steam 1 RUN: 36387754-a0e9-4583-8a63-449a2c15ec7a